 Dungeon Crawl Stone Soup version 0.21-a0-444-g29a2fec (webtiles) character file.

298 Laiders the Magician (level 6, -4/32 HPs)
             Began as a Tengu Wizard on Nov 17, 2017.
             Slain by a gnoll
             ... wielding a +0 halberd
              (15 damage)
             ... on level 4 of the Dungeon.
             The game lasted 00:17:58 (3932 turns).

Laiders the Magician (Tengu Wizard)                 Turns: 3932, Time: 00:17:59

Health: -4/32      AC:  4    Str:  8    XL:     6   Next: 36%
Magic:  3/13       EV: 12    Int: 17    God:
Gold:   147        SH:  5    Dex: 16    Spells: 5/13 levels left

rFire    . . .     SeeInvis .   i - +6 mace "Zuungysh" {speed, +Inv rC+++ Int-3 Dex+4}
rCold    + + +     Gourm    .   u - +0 buckler
rNeg     . . .     Faith    .   a - +0 robe
rPois    .         Spirit   .   b - +0 hat
rElec    .         Reflect  .   (no cloak)
rCorr    .         Harm     .   (no gloves)
MR       .....                  (boots unavailable)
Stlth    ++........             (no amulet)
HPRegen  0.10/turn              k - +2 ring of protection
MPRegen  0.13/turn              (no ring)

@: no status effects
A: beak, talons 3, able to fly 1
a: Fly, Evoke Invisibility


You were on level 4 of the Dungeon.
You were not hungry.

You visited 1 branch of the dungeon, and saw 4 of its levels.

You collected 147 gold pieces.

Inventory:

Hand Weapons
 i - the +6 mace "Zuungysh" (weapon) {speed, +Inv rC+++ Int-3 Dex+4}
   (You found it on level 4 of the Dungeon)

   Attacks with this weapon are significantly faster.
   It affects your intelligence (-3).
   It affects your dexterity (+4).
   It renders you almost immune to cold.
   It lets you turn invisible.
 t - a +2 spear of freezing
Armour
 a - a +0 robe (worn)
 b - a +0 hat (worn)
 u - a +0 buckler (worn)
Jewellery
 k - a +2 ring of protection (left hand)
Scrolls
 f - a scroll of enchant weapon {unknown}
 h - a scroll of recharging {unknown}
 m - a scroll of noise {unknown}
 r - a scroll of blinking {unknown}
Potions
 e - a potion of haste {unknown}
 g - a potion of agility {unknown}
 j - 2 potions of curing {unknown}
 l - a potion of flight {unknown}
 n - 2 potions of brilliance {unknown}
 o - 2 potions of resistance
Books
 c - a book of Minor Magic

   Spells                             Type                      Level
   a - Magic Dart                     Conjuration                  1
   b - Blink                          Translocation                2
   c - Call Imp                       Summoning                    2
   d - Slow                           Hexes                        2
   e - Conjure Flame                  Conjuration/Fire             3
   f - Mephitic Cloud                 Conjuration/Poison/Air       3
Comestibles
 d - 4 bread rations
 p - 2 royal jellies
 q - 2 fruits


   Skills:
 - Level 2.1 Dodging
 - Level 2.0 Stealth
 + Level 2.6 Shields
 - Level 4.2 Spellcasting
 - Level 4.0 Conjurations
 - Level 4.0 Summonings
 - Level 0.7 Translocations


You had 5 spell levels left.
You knew the following spells:

 Your Spells              Type           Power        Failure   Level  Hunger
a - Magic Dart            Conj           ###.         3%          1    None
b - Call Imp              Summ           ###.....     5%          2    ##.....
c - Blink                 Tloc           N/A          21%         2    ##.....
d - Mephitic Cloud        Conj/Pois/Air  #.......     32%         3    ###....


Dungeon Overview and Level Annotations

Branches:
Dungeon (4/15)
 Temple: D:4-7

Altars:
Trog
The Shining One


Innate Abilities, Weirdness & Mutations

You have a beak for a mouth.
You have claws for feet.
You can fly.


Message History

Something closely misses your crimson imp.
Your crimson imp closely misses the gnoll.
Something closely misses your crimson imp.
Your crimson imp hits the gnoll.
Your crimson imp closely misses the gnoll.
Something barely misses your crimson imp.
The gnoll closely misses your crimson imp.
Your crimson imp blinks!
The gnoll closely misses your crimson imp.
You swap places.
Your crimson imp blinks! x2
Casting: Magic Dart
Confirm with . or Enter, or press ? or * to list all spells.
Aiming: Magic Dart
Press: ? - help, Shift-Dir - straight line, f/p - gnoll
Aim: a gnoll, wielding a halberd (heavily wounded)
The magic dart hits the gnoll.
The gnoll is severely wounded.
The gnoll hits you from afar with a halberd!
You die...

########
######......
##........#
.......†#.########.#
##.###..#§5g..g§@#.#
.....>.5g(######.#.#
#.####o.#.# ###.#.#
#g####..#[# #...#.#
ogg.o...#.# #.###.#
#o#####$#.# ##.###.#
#. #.#.###...##.# .o
#............# ##
....###...####


You could see 2 gnolls and a friendly crimson imp.

Vanquished Creatures
  An orc priest (D:3)
  3 worker ants (D:4)
  An orc wizard (D:3)
  6 adders
  5 worms
  2 dart slugs (D:2)
  A leopard gecko (D:1)
  8 orcs
  A ball python (D:2)
  6 giant cockroaches
  7 goblins
  8 hobgoblins
  11 jackals
  2 quokkas (D:2)
  14 bats
  4 frilled lizards
  4 kobolds (D:1)
  10 rats
94 creatures vanquished.

Vanquished Creatures (collateral kills)
  A giant cockroach (D:3)
  2 jackals (D:3)
3 creatures vanquished.

Grand Total: 97 creatures vanquished

Notes
Turn   | Place    | Note
-------+----------+-------------------------------------------
     0 | D:1      | Laiders the Tengu Wizard began the quest for the Orb.
     0 | D:1      | Reached XP level 1. HP: 10/10 MP: 5/5
   259 | D:1      | Reached XP level 2. HP: 15/15 MP: 5/7
   263 | D:1      | Learned a level 2 spell: Call Imp
   266 | D:1      | Learned a level 2 spell: Blink
   625 | D:1      | Reached XP level 3. HP: 19/19 MP: 6/8
  1205 | D:1      | Learned a level 3 spell: Mephitic Cloud
  1992 | D:2      | Reached XP level 4. HP: 24/24 MP: 6/10
  2116 | D:2      | Found a glowing golden altar of the Shining One.
  2475 | D:2      | Found a faded altar of an unknown god.
  2599 | D:3      | Gained mutation: You can fly. [Tengu growth]
  2599 | D:3      | Reached XP level 5. HP: 28/28 MP: 0/11
  2987 | D:3      | Found a bloodstained altar of Trog.
  3441 | D:4      | Reached skill level 1 in Shields
  3539 | D:4      | Reached XP level 6. HP: 31/32 MP: 13/13
  3678 | D:4      | Got a faintly glowing mace
  3679 | D:4      | Identified the +6 mace "Zuungysh" {speed, +Inv rC+++ Int-3 Dex+4} (You found it on level 4 of the Dungeon)
  3932 | D:4      | Slain by a gnoll

Vault maps used:
D:1:      dpeg_arrival_rooms_b
D:2:      nicolae_tso_carved_into_rock, chequers_ecumenical_altar_twisty
D:3:      overflow_temple_1_default, minmay_misc_feat_columns, st_stairs_7
D:4:      ashenzari_conservatory_becter, minmay_temple_entry_nine_rooms,
          first_bread, item_on_display_a

Skill      XL: |  1  2  3  4  5  6 |
---------------+-------------------+-----
Conjurations   | 2 3 4 |  4.0
Summonings     | 2 3 4 |  4.0
Spellcasting   | 4 |  4.2
Shields        | 1 2 |  2.6
Dodging        | |  2.1
Stealth        | |  2.0
Translocations | |  0.7

Action                   |  1- 3 |  4- 6 || total
-------------------------+-------+-------++-------
Melee: Peck              |     3 |     4 ||     7
       Dagger            |     2 |       ||     2
       Whip              |     8 |    11 ||    19
       Kick              |     1 |    10 ||    11
       Spear             |       |    47 ||    47
       Mace              |       |    10 ||    10
 Cast: Magic Dart        |    91 |    77 ||   168
       Call Imp          |       |     4 ||     4
       Blink             |       |     1 ||     1
  Use: Scroll            |     1 |     3 ||     4
 Stab: Sleeping          |       |     2 ||     2
  Eat: Chunk             |     3 |     6 ||     9
Armor: Robe              |     3 |    18 ||    21
Dodge: Dodged            |    13 |    35 ||    48
Block: Buckler           |       |     7 ||     7

Table legend:
 A = Spawn XP
 B = Non-spawn XP
 C = Spawn XP percentage of total XP
 D = Spawn monster count
 E = Non-spawn monster count
 F = Spawn count percentage of total count
 G = Total turns spent on level
                    A         B        C        D         E        F      G
               +---------+---------+-------+---------+---------+-------+---------
         Total |       0 |     427 |   0.0 |       0 |      97 |   0.0 |  3932
               +---------+---------+-------+---------+---------+-------+---------
           D:1 |       0 |      50 |   0.0 |       0 |      30 |   0.0 |  1321
           D:2 |       0 |      86 |   0.0 |       0 |      24 |   0.0 |  1206
           D:3 |       0 |     162 |   0.0 |       0 |      33 |   0.0 |   910
           D:4 |       0 |     129 |   0.0 |       0 |      10 |   0.0 |   495
               +---------+---------+-------+---------+---------+-------+---------
